Workbook

Sheet Synthèse
A1: Synthèse de trésorerie événementielle
A2: Lecture décisionnelle : couverture des sorties prévues, point bas de trésorerie et contrôles des mouvements incomplets ou incohérents.
A3: Indicateur | B3: Valeur | D3: Mois | E3: Encaissements | F3: Décaissements | G3: Solde fin de mois
A4: Solde à la date de situation | B4: =IF(Paramètres!$B$5<Paramètres!$B$6,Paramètres!$B$7,Paramètres!$B$7+SUMIFS('Mouvements'!$M$4:$M$113,'Mouvements'!$A$4:$A$113,"<>",'Mouvements'!$K$4:$K$113,">="&Paramètres!$B$6,'Mouvements'!$K$4:$K$113,"<="&Paramètres!$B$5)) | D4: =DATE(YEAR(Paramètres!$B$6),MONTH(Paramètres!$B$6),1) | E4: =IF($D4="","",SUMIFS('Mouvements'!$L$4:$L$113,'Mouvements'!$A$4:$A$113,"<>",'Mouvements'!$E$4:$E$113,"Encaissement",'Mouvements'!$K$4:$K$113,">="&MAX($D4,Paramètres!$B$6),'Mouvements'!$K$4:$K$113,"<="&MIN(EOMONTH($D4,0),Paramètres!$B$6+179))) | F4: =IF($D4="","",SUMIFS('Mouvements'!$L$4:$L$113,'Mouvements'!$A$4:$A$113,"<>",'Mouvements'!$E$4:$E$113,"Décaissement",'Mouvements'!$K$4:$K$113,">="&MAX($D4,Paramètres!$B$6),'Mouvements'!$K$4:$K$113,"<="&MIN(EOMONTH($D4,0),Paramètres!$B$6+179))) | G4: =IF($D4="","",Paramètres!$B$7+SUMIFS('Mouvements'!$M$4:$M$113,'Mouvements'!$A$4:$A$113,"<>",'Mouvements'!$K$4:$K$113,">="&Paramètres!$B$6,'Mouvements'!$K$4:$K$113,"<="&MIN(EOMONTH($D4,0),Paramètres!$B$6+179)))
A5: Encaissements retenus | B5: =SUMIFS('Mouvements'!$L$4:$L$113,'Mouvements'!$A$4:$A$113,"<>",'Mouvements'!$E$4:$E$113,"Encaissement") | D5: =IF(EOMONTH(D4,0)+1<=Paramètres!$B$6+179,EOMONTH(D4,0)+1,"") | E5: =IF($D5="","",SUMIFS('Mouvements'!$L$4:$L$113,'Mouvements'!$A$4:$A$113,"<>",'Mouvements'!$E$4:$E$113,"Encaissement",'Mouvements'!$K$4:$K$113,">="&MAX($D5,Paramètres!$B$6),'Mouvements'!$K$4:$K$113,"<="&MIN(EOMONTH($D5,0),Paramètres!$B$6+179))) | F5: =IF($D5="","",SUMIFS('Mouvements'!$L$4:$L$113,'Mouvements'!$A$4:$A$113,"<>",'Mouvements'!$E$4:$E$113,"Décaissement",'Mouvements'!$K$4:$K$113,">="&MAX($D5,Paramètres!$B$6),'Mouvements'!$K$4:$K$113,"<="&MIN(EOMONTH($D5,0),Paramètres!$B$6+179))) | G5: =IF($D5="","",Paramètres!$B$7+SUMIFS('Mouvements'!$M$4:$M$113,'Mouvements'!$A$4:$A$113,"<>",'Mouvements'!$K$4:$K$113,">="&Paramètres!$B$6,'Mouvements'!$K$4:$K$113,"<="&MIN(EOMONTH($D5,0),Paramètres!$B$6+179)))
A6: Décaissements retenus | B6: =SUMIFS('Mouvements'!$L$4:$L$113,'Mouvements'!$A$4:$A$113,"<>",'Mouvements'!$E$4:$E$113,"Décaissement") | D6: =IF(EOMONTH(D5,0)+1<=Paramètres!$B$6+179,EOMONTH(D5,0)+1,"") | E6: =IF($D6="","",SUMIFS('Mouvements'!$L$4:$L$113,'Mouvements'!$A$4:$A$113,"<>",'Mouvements'!$E$4:$E$113,"Encaissement",'Mouvements'!$K$4:$K$113,">="&MAX($D6,Paramètres!$B$6),'Mouvements'!$K$4:$K$113,"<="&MIN(EOMONTH($D6,0),Paramètres!$B$6+179))) | F6: =IF($D6="","",SUMIFS('Mouvements'!$L$4:$L$113,'Mouvements'!$A$4:$A$113,"<>",'Mouvements'!$E$4:$E$113,"Décaissement",'Mouvements'!$K$4:$K$113,">="&MAX($D6,Paramètres!$B$6),'Mouvements'!$K$4:$K$113,"<="&MIN(EOMONTH($D6,0),Paramètres!$B$6+179))) | G6: =IF($D6="","",Paramètres!$B$7+SUMIFS('Mouvements'!$M$4:$M$113,'Mouvements'!$A$4:$A$113,"<>",'Mouvements'!$K$4:$K$113,">="&Paramètres!$B$6,'Mouvements'!$K$4:$K$113,"<="&MIN(EOMONTH($D6,0),Paramètres!$B$6+179)))
A7: Solde minimal projeté | B7: =MIN('Échéancier'!$E$4:$E$183) | D7: =IF(EOMONTH(D6,0)+1<=Paramètres!$B$6+179,EOMONTH(D6,0)+1,"") | E7: =IF($D7="","",SUMIFS('Mouvements'!$L$4:$L$113,'Mouvements'!$A$4:$A$113,"<>",'Mouvements'!$E$4:$E$113,"Encaissement",'Mouvements'!$K$4:$K$113,">="&MAX($D7,Paramètres!$B$6),'Mouvements'!$K$4:$K$113,"<="&MIN(EOMONTH($D7,0),Paramètres!$B$6+179))) | F7: =IF($D7="","",SUMIFS('Mouvements'!$L$4:$L$113,'Mouvements'!$A$4:$A$113,"<>",'Mouvements'!$E$4:$E$113,"Décaissement",'Mouvements'!$K$4:$K$113,">="&MAX($D7,Paramètres!$B$6),'Mouvements'!$K$4:$K$113,"<="&MIN(EOMONTH($D7,0),Paramètres!$B$6+179))) | G7: =IF($D7="","",Paramètres!$B$7+SUMIFS('Mouvements'!$M$4:$M$113,'Mouvements'!$A$4:$A$113,"<>",'Mouvements'!$K$4:$K$113,">="&Paramètres!$B$6,'Mouvements'!$K$4:$K$113,"<="&MIN(EOMONTH($D7,0),Paramètres!$B$6+179)))
A8: Date du solde minimal | B8: =IFERROR(INDEX('Échéancier'!$A$4:$A$183,MATCH(MIN('Échéancier'!$E$4:$E$183),'Échéancier'!$E$4:$E$183,0)),"") | D8: =IF(EOMONTH(D7,0)+1<=Paramètres!$B$6+179,EOMONTH(D7,0)+1,"") | E8: =IF($D8="","",SUMIFS('Mouvements'!$L$4:$L$113,'Mouvements'!$A$4:$A$113,"<>",'Mouvements'!$E$4:$E$113,"Encaissement",'Mouvements'!$K$4:$K$113,">="&MAX($D8,Paramètres!$B$6),'Mouvements'!$K$4:$K$113,"<="&MIN(EOMONTH($D8,0),Paramètres!$B$6+179))) | F8: =IF($D8="","",SUMIFS('Mouvements'!$L$4:$L$113,'Mouvements'!$A$4:$A$113,"<>",'Mouvements'!$E$4:$E$113,"Décaissement",'Mouvements'!$K$4:$K$113,">="&MAX($D8,Paramètres!$B$6),'Mouvements'!$K$4:$K$113,"<="&MIN(EOMONTH($D8,0),Paramètres!$B$6+179))) | G8: =IF($D8="","",Paramètres!$B$7+SUMIFS('Mouvements'!$M$4:$M$113,'Mouvements'!$A$4:$A$113,"<>",'Mouvements'!$K$4:$K$113,">="&Paramètres!$B$6,'Mouvements'!$K$4:$K$113,"<="&MIN(EOMONTH($D8,0),Paramètres!$B$6+179)))
A9: Besoin pour revenir au seuil | B9: =MAX(0,Paramètres!$B$8-B7) | D9: =IF(EOMONTH(D8,0)+1<=Paramètres!$B$6+179,EOMONTH(D8,0)+1,"") | E9: =IF($D9="","",SUMIFS('Mouvements'!$L$4:$L$113,'Mouvements'!$A$4:$A$113,"<>",'Mouvements'!$E$4:$E$113,"Encaissement",'Mouvements'!$K$4:$K$113,">="&MAX($D9,Paramètres!$B$6),'Mouvements'!$K$4:$K$113,"<="&MIN(EOMONTH($D9,0),Paramètres!$B$6+179))) | F9: =IF($D9="","",SUMIFS('Mouvements'!$L$4:$L$113,'Mouvements'!$A$4:$A$113,"<>",'Mouvements'!$E$4:$E$113,"Décaissement",'Mouvements'!$K$4:$K$113,">="&MAX($D9,Paramètres!$B$6),'Mouvements'!$K$4:$K$113,"<="&MIN(EOMONTH($D9,0),Paramètres!$B$6+179))) | G9: =IF($D9="","",Paramètres!$B$7+SUMIFS('Mouvements'!$M$4:$M$113,'Mouvements'!$A$4:$A$113,"<>",'Mouvements'!$K$4:$K$113,">="&Paramètres!$B$6,'Mouvements'!$K$4:$K$113,"<="&MIN(EOMONTH($D9,0),Paramètres!$B$6+179)))
A10: Ratio de couverture à court terme | B10: =IFERROR(B11/B12,0) | D10: =IF(EOMONTH(D9,0)+1<=Paramètres!$B$6+179,EOMONTH(D9,0)+1,"") | E10: =IF($D10="","",SUMIFS('Mouvements'!$L$4:$L$113,'Mouvements'!$A$4:$A$113,"<>",'Mouvements'!$E$4:$E$113,"Encaissement",'Mouvements'!$K$4:$K$113,">="&MAX($D10,Paramètres!$B$6),'Mouvements'!$K$4:$K$113,"<="&MIN(EOMONTH($D10,0),Paramètres!$B$6+179))) | F10: =IF($D10="","",SUMIFS('Mouvements'!$L$4:$L$113,'Mouvements'!$A$4:$A$113,"<>",'Mouvements'!$E$4:$E$113,"Décaissement",'Mouvements'!$K$4:$K$113,">="&MAX($D10,Paramètres!$B$6),'Mouvements'!$K$4:$K$113,"<="&MIN(EOMONTH($D10,0),Paramètres!$B$6+179))) | G10: =IF($D10="","",Paramètres!$B$7+SUMIFS('Mouvements'!$M$4:$M$113,'Mouvements'!$A$4:$A$113,"<>",'Mouvements'!$K$4:$K$113,">="&Paramètres!$B$6,'Mouvements'!$K$4:$K$113,"<="&MIN(EOMONTH($D10,0),Paramètres!$B$6+179)))
A11: Encaissements à court terme | B11: =SUMIFS('Mouvements'!$L$4:$L$113,'Mouvements'!$A$4:$A$113,"<>",'Mouvements'!$E$4:$E$113,"Encaissement",'Mouvements'!$K$4:$K$113,">="&Paramètres!$B$5,'Mouvements'!$K$4:$K$113,"<="&Paramètres!$B$5+Paramètres!$B$9)
A12: Décaissements à court terme | B12: =SUMIFS('Mouvements'!$L$4:$L$113,'Mouvements'!$A$4:$A$113,"<>",'Mouvements'!$E$4:$E$113,"Décaissement",'Mouvements'!$K$4:$K$113,">="&Paramètres!$B$5,'Mouvements'!$K$4:$K$113,"<="&Paramètres!$B$5+Paramètres!$B$9)
D13: Contrôle | E13: Résultat
D14: Lignes portant un identifiant en doublon | E14: =SUMPRODUCT(('Mouvements'!$A$4:$A$113<>"")*(COUNTIF('Mouvements'!$A$4:$A$113,'Mouvements'!$A$4:$A$113)>1))
D15: Lignes avec signe incohérent | E15: =SUMPRODUCT(('Mouvements'!$A$4:$A$113<>"")*((('Mouvements'!$E$4:$E$113="Encaissement")*('Mouvements'!$M$4:$M$113<0))+(('Mouvements'!$E$4:$E$113="Décaissement")*('Mouvements'!$M$4:$M$113>0))))
D16: Montant retenu des annulations | E16: =SUMIFS('Mouvements'!$L$4:$L$113,'Mouvements'!$A$4:$A$113,"<>",'Mouvements'!$F$4:$F$113,"Annulé")
D17: Écart de rapprochement du solde final | E17: =IFERROR(ABS('Échéancier'!$E$183-(Paramètres!$B$7+SUMIFS('Mouvements'!$M$4:$M$113,'Mouvements'!$A$4:$A$113,"<>",'Mouvements'!$K$4:$K$113,">="&Paramètres!$B$6,'Mouvements'!$K$4:$K$113,"<="&Paramètres!$B$6+179))),0)
D18: Données réalisées manquantes | E18: =COUNTIFS('Mouvements'!$A$4:$A$113,"<>",'Mouvements'!$F$4:$F$113,"Réalisé",'Mouvements'!$H$4:$H$113,"")+COUNTIFS('Mouvements'!$A$4:$A$113,"<>",'Mouvements'!$F$4:$F$113,"Réalisé",'Mouvements'!$J$4:$J$113,"")
D19: Lignes vierges disponibles | E19: =COUNTBLANK('Mouvements'!$A$4:$A$113)

Sheet Paramètres
A1: Paramètres de trésorerie événementielle
A2: Cellules jaunes modifiables. Usage interne de prévision : ce classeur ne remplace ni une comptabilité, ni une facturation, ni un document officiel.
A3: Hypothèse | B3: Valeur | D3: Nature | E3: Statut | F3: Catégorie
A4: Code événement | B4: EVT-DEMO-01 | D4: Encaissement | E4: Prévu | F4: Lieu
A5: Date de situation | B5: 46273 | D5: Décaissement | E5: Confirmé | F5: Technique
A6: Date de début de projection | B6: 46266 | E6: Réalisé | F6: Communication
A7: Solde initial | B7: 25000 | E7: Annulé | F7: Intervenants
A8: Seuil d’alerte | B8: 5000 | F8: Restauration
A9: Horizon court terme (jours) | B9: 30 | F9: Inscription
F10: Partenariat
F11: Autre

Sheet Mouvements
A1: Mouvements de trésorerie
A2: Cellules jaunes : saisie modifiable. Les calculs et indicateurs excluent toute ligne sans identifiant. Tous les exemples sont fictifs.
A3: Identifiant | B3: Code événement | C3: Libellé | D3: Catégorie | E3: Nature | F3: Statut | G3: Date prévue | H3: Date réalisée | I3: Montant prévu | J3: Montant réalisé | K3: Date retenue | L3: Montant retenu | M3: Flux signé | N3: Commentaire interne
A4: MVT-DEMO-001 | B4: EVT-DEMO-01 | C4: Acompte lieu – démonstration | D4: Lieu | E4: Décaissement | F4: Réalisé | G4: 46280 | H4: 46279 | I4: 12000 | J4: 12000 | K4: =IF($F4="Annulé","",IF($F4="Réalisé",$H4,$G4)) | L4: =IF($F4="Annulé",0,IF($F4="Réalisé",IF($J4="",0,$J4),IF($I4="",0,$I4))) | M4: =IF($E4="Encaissement",$L4,IF($E4="Décaissement",-$L4,0)) | N4: Exemple fictif : acompte de démonstration.
A5: MVT-DEMO-002 | B5: EVT-DEMO-01 | C5: Installation technique – démonstration | D5: Technique | E5: Décaissement | F5: Confirmé | G5: 46287 | I5: 6500 | K5: =IF($F5="Annulé","",IF($F5="Réalisé",$H5,$G5)) | L5: =IF($F5="Annulé",0,IF($F5="Réalisé",IF($J5="",0,$J5),IF($I5="",0,$I5))) | M5: =IF($E5="Encaissement",$L5,IF($E5="Décaissement",-$L5,0)) | N5: Exemple fictif : installation technique test.
A6: MVT-DEMO-003 | B6: EVT-DEMO-01 | C6: Communication test | D6: Communication | E6: Décaissement | F6: Prévu | G6: 46293 | I6: 1800 | K6: =IF($F6="Annulé","",IF($F6="Réalisé",$H6,$G6)) | L6: =IF($F6="Annulé",0,IF($F6="Réalisé",IF($J6="",0,$J6),IF($I6="",0,$I6))) | M6: =IF($E6="Encaissement",$L6,IF($E6="Décaissement",-$L6,0)) | N6: Exemple fictif : campagne de communication.
A7: MVT-DEMO-004 | B7: EVT-DEMO-01 | C7: Encaissement inscriptions fictives | D7: Inscription | E7: Encaissement | F7: Réalisé | G7: 46295 | H7: 46297 | I7: 8000 | J7: 7800 | K7: =IF($F7="Annulé","",IF($F7="Réalisé",$H7,$G7)) | L7: =IF($F7="Annulé",0,IF($F7="Réalisé",IF($J7="",0,$J7),IF($I7="",0,$I7))) | M7: =IF($E7="Encaissement",$L7,IF($E7="Décaissement",-$L7,0)) | N7: Exemple fictif : encaissement de démonstration.
A8: MVT-DEMO-005 | B8: EVT-DEMO-01 | C8: Partenariat fictif | D8: Partenariat | E8: Encaissement | F8: Confirmé | G8: 46310 | I8: 10000 | K8: =IF($F8="Annulé","",IF($F8="Réalisé",$H8,$G8)) | L8: =IF($F8="Annulé",0,IF($F8="Réalisé",IF($J8="",0,$J8),IF($I8="",0,$I8))) | M8: =IF($E8="Encaissement",$L8,IF($E8="Décaissement",-$L8,0)) | N8: Exemple fictif : soutien partenaire simulé.
A9: MVT-DEMO-006 | B9: EVT-DEMO-01 | C9: Restauration de démonstration | D9: Restauration | E9: Décaissement | F9: Prévu | G9: 46315 | I9: 4500 | K9: =IF($F9="Annulé","",IF($F9="Réalisé",$H9,$G9)) | L9: =IF($F9="Annulé",0,IF($F9="Réalisé",IF($J9="",0,$J9),IF($I9="",0,$I9))) | M9: =IF($E9="Encaissement",$L9,IF($E9="Décaissement",-$L9,0)) | N9: Exemple fictif : prestation de restauration.
A10: MVT-DEMO-007 | B10: EVT-DEMO-01 | C10: Intervention fictive | D10: Intervenants | E10: Décaissement | F10: Réalisé | G10: 46331 | H10: 46330 | I10: 3000 | K10: =IF($F10="Annulé","",IF($F10="Réalisé",$H10,$G10)) | L10: =IF($F10="Annulé",0,IF($F10="Réalisé",IF($J10="",0,$J10),IF($I10="",0,$I10))) | M10: =IF($E10="Encaissement",$L10,IF($E10="Décaissement",-$L10,0)) | N10: Exemple fictif volontairement incomplet pour contrôle.
A11: MVT-DEMO-008 | B11: EVT-DEMO-01 | C11: Location complémentaire annulée | D11: Lieu | E11: Décaissement | F11: Annulé | G11: 46336 | I11: 2000 | K11: =IF($F11="Annulé","",IF($F11="Réalisé",$H11,$G11)) | L11: =IF($F11="Annulé",0,IF($F11="Réalisé",IF($J11="",0,$J11),IF($I11="",0,$I11))) | M11: =IF($E11="Encaissement",$L11,IF($E11="Décaissement",-$L11,0)) | N11: Exemple fictif : mouvement annulé.
A12: MVT-DEMO-009 | B12: EVT-DEMO-01 | C12: Frais logistiques test | D12: Autre | E12: Décaissement | F12: Confirmé | G12: 46341 | I12: 450 | K12: =IF($F12="Annulé","",IF($F12="Réalisé",$H12,$G12)) | L12: =IF($F12="Annulé",0,IF($F12="Réalisé",IF($J12="",0,$J12),IF($I12="",0,$I12))) | M12: =IF($E12="Encaissement",$L12,IF($E12="Décaissement",-$L12,0)) | N12: Exemple fictif : frais logistiques.
A13: MVT-DEMO-010 | B13: EVT-DEMO-01 | C13: Inscriptions complémentaires fictives | D13: Inscription | E13: Encaissement | F13: Prévu | G13: 46346 | I13: 5500 | K13: =IF($F13="Annulé","",IF($F13="Réalisé",$H13,$G13)) | L13: =IF($F13="Annulé",0,IF($F13="Réalisé",IF($J13="",0,$J13),IF($I13="",0,$I13))) | M13: =IF($E13="Encaissement",$L13,IF($E13="Décaissement",-$L13,0)) | N13: Exemple fictif : encaissement complémentaire.
K14: =IF($F14="Annulé","",IF($F14="Réalisé",$H14,$G14)) | L14: =IF($F14="Annulé",0,IF($F14="Réalisé",IF($J14="",0,$J14),IF($I14="",0,$I14))) | M14: =IF($E14="Encaissement",$L14,IF($E14="Décaissement",-$L14,0))
K15: =IF($F15="Annulé","",IF($F15="Réalisé",$H15,$G15)) | L15: =IF($F15="Annulé",0,IF($F15="Réalisé",IF($J15="",0,$J15),IF($I15="",0,$I15))) | M15: =IF($E15="Encaissement",$L15,IF($E15="Décaissement",-$L15,0))
K16: =IF($F16="Annulé","",IF($F16="Réalisé",$H16,$G16)) | L16: =IF($F16="Annulé",0,IF($F16="Réalisé",IF($J16="",0,$J16),IF($I16="",0,$I16))) | M16: =IF($E16="Encaissement",$L16,IF($E16="Décaissement",-$L16,0))
K17: =IF($F17="Annulé","",IF($F17="Réalisé",$H17,$G17)) | L17: =IF($F17="Annulé",0,IF($F17="Réalisé",IF($J17="",0,$J17),IF($I17="",0,$I17))) | M17: =IF($E17="Encaissement",$L17,IF($E17="Décaissement",-$L17,0))
K18: =IF($F18="Annulé","",IF($F18="Réalisé",$H18,$G18)) | L18: =IF($F18="Annulé",0,IF($F18="Réalisé",IF($J18="",0,$J18),IF($I18="",0,$I18))) | M18: =IF($E18="Encaissement",$L18,IF($E18="Décaissement",-$L18,0))
K19: =IF($F19="Annulé","",IF($F19="Réalisé",$H19,$G19)) | L19: =IF($F19="Annulé",0,IF($F19="Réalisé",IF($J19="",0,$J19),IF($I19="",0,$I19))) | M19: =IF($E19="Encaissement",$L19,IF($E19="Décaissement",-$L19,0))
K20: =IF($F20="Annulé","",IF($F20="Réalisé",$H20,$G20)) | L20: =IF($F20="Annulé",0,IF($F20="Réalisé",IF($J20="",0,$J20),IF($I20="",0,$I20))) | M20: =IF($E20="Encaissement",$L20,IF($E20="Décaissement",-$L20,0))
K21: =IF($F21="Annulé","",IF($F21="Réalisé",$H21,$G21)) | L21: =IF($F21="Annulé",0,IF($F21="Réalisé",IF($J21="",0,$J21),IF($I21="",0,$I21))) | M21: =IF($E21="Encaissement",$L21,IF($E21="Décaissement",-$L21,0))
K22: =IF($F22="Annulé","",IF($F22="Réalisé",$H22,$G22)) | L22: =IF($F22="Annulé",0,IF($F22="Réalisé",IF($J22="",0,$J22),IF($I22="",0,$I22))) | M22: =IF($E22="Encaissement",$L22,IF($E22="Décaissement",-$L22,0))
K23: =IF($F23="Annulé","",IF($F23="Réalisé",$H23,$G23)) | L23: =IF($F23="Annulé",0,IF($F23="Réalisé",IF($J23="",0,$J23),IF($I23="",0,$I23))) | M23: =IF($E23="Encaissement",$L23,IF($E23="Décaissement",-$L23,0))
K24: =IF($F24="Annulé","",IF($F24="Réalisé",$H24,$G24)) | L24: =IF($F24="Annulé",0,IF($F24="Réalisé",IF($J24="",0,$J24),IF($I24="",0,$I24))) | M24: =IF($E24="Encaissement",$L24,IF($E24="Décaissement",-$L24,0))
K25: =IF($F25="Annulé","",IF($F25="Réalisé",$H25,$G25)) | L25: =IF($F25="Annulé",0,IF($F25="Réalisé",IF($J25="",0,$J25),IF($I25="",0,$I25))) | M25: =IF($E25="Encaissement",$L25,IF($E25="Décaissement",-$L25,0))
... K113: =IF($F113="Annulé","",IF($F113="Réalisé",$H113,$G113)) | L113: =IF($F113="Annulé",0,IF($F113="Réalisé",IF($J113="",0,$J113),IF($I113="",0,$I113))) | M113: =IF($E113="Encaissement",$L113,IF($E113="Décaissement",-$L113,0))

Sheet Échéancier
A1: Échéancier de trésorerie sur 180 jours
A2: Projection quotidienne calculée à partir de la date de début et du solde initial définis dans Paramètres.
A3: Date | B3: Solde début | C3: Encaissements | D3: Décaissements | E3: Solde fin
A4: =Paramètres!$B$6 | B4: =IF($A4="","",Paramètres!$B$7) | C4: =IF($A4="","",SUMIFS('Mouvements'!$L$4:$L$113,'Mouvements'!$A$4:$A$113,"<>",'Mouvements'!$K$4:$K$113,$A4,'Mouvements'!$E$4:$E$113,"Encaissement")) | D4: =IF($A4="","",SUMIFS('Mouvements'!$L$4:$L$113,'Mouvements'!$A$4:$A$113,"<>",'Mouvements'!$K$4:$K$113,$A4,'Mouvements'!$E$4:$E$113,"Décaissement")) | E4: =IF($A4="","",B4+C4-D4)
A5: =IF(A4="","",A4+1) | B5: =IF($A5="","",E4) | C5: =IF($A5="","",SUMIFS('Mouvements'!$L$4:$L$113,'Mouvements'!$A$4:$A$113,"<>",'Mouvements'!$K$4:$K$113,$A5,'Mouvements'!$E$4:$E$113,"Encaissement")) | D5: =IF($A5="","",SUMIFS('Mouvements'!$L$4:$L$113,'Mouvements'!$A$4:$A$113,"<>",'Mouvements'!$K$4:$K$113,$A5,'Mouvements'!$E$4:$E$113,"Décaissement")) | E5: =IF($A5="","",B5+C5-D5)
A6: =IF(A5="","",A5+1) | B6: =IF($A6="","",E5) | C6: =IF($A6="","",SUMIFS('Mouvements'!$L$4:$L$113,'Mouvements'!$A$4:$A$113,"<>",'Mouvements'!$K$4:$K$113,$A6,'Mouvements'!$E$4:$E$113,"Encaissement")) | D6: =IF($A6="","",SUMIFS('Mouvements'!$L$4:$L$113,'Mouvements'!$A$4:$A$113,"<>",'Mouvements'!$K$4:$K$113,$A6,'Mouvements'!$E$4:$E$113,"Décaissement")) | E6: =IF($A6="","",B6+C6-D6)
A7: =IF(A6="","",A6+1) | B7: =IF($A7="","",E6) | C7: =IF($A7="","",SUMIFS('Mouvements'!$L$4:$L$113,'Mouvements'!$A$4:$A$113,"<>",'Mouvements'!$K$4:$K$113,$A7,'Mouvements'!$E$4:$E$113,"Encaissement")) | D7: =IF($A7="","",SUMIFS('Mouvements'!$L$4:$L$113,'Mouvements'!$A$4:$A$113,"<>",'Mouvements'!$K$4:$K$113,$A7,'Mouvements'!$E$4:$E$113,"Décaissement")) | E7: =IF($A7="","",B7+C7-D7)
A8: =IF(A7="","",A7+1) | B8: =IF($A8="","",E7) | C8: =IF($A8="","",SUMIFS('Mouvements'!$L$4:$L$113,'Mouvements'!$A$4:$A$113,"<>",'Mouvements'!$K$4:$K$113,$A8,'Mouvements'!$E$4:$E$113,"Encaissement")) | D8: =IF($A8="","",SUMIFS('Mouvements'!$L$4:$L$113,'Mouvements'!$A$4:$A$113,"<>",'Mouvements'!$K$4:$K$113,$A8,'Mouvements'!$E$4:$E$113,"Décaissement")) | E8: =IF($A8="","",B8+C8-D8)
A9: =IF(A8="","",A8+1) | B9: =IF($A9="","",E8) | C9: =IF($A9="","",SUMIFS('Mouvements'!$L$4:$L$113,'Mouvements'!$A$4:$A$113,"<>",'Mouvements'!$K$4:$K$113,$A9,'Mouvements'!$E$4:$E$113,"Encaissement")) | D9: =IF($A9="","",SUMIFS('Mouvements'!$L$4:$L$113,'Mouvements'!$A$4:$A$113,"<>",'Mouvements'!$K$4:$K$113,$A9,'Mouvements'!$E$4:$E$113,"Décaissement")) | E9: =IF($A9="","",B9+C9-D9)
A10: =IF(A9="","",A9+1) | B10: =IF($A10="","",E9) | C10: =IF($A10="","",SUMIFS('Mouvements'!$L$4:$L$113,'Mouvements'!$A$4:$A$113,"<>",'Mouvements'!$K$4:$K$113,$A10,'Mouvements'!$E$4:$E$113,"Encaissement")) | D10: =IF($A10="","",SUMIFS('Mouvements'!$L$4:$L$113,'Mouvements'!$A$4:$A$113,"<>",'Mouvements'!$K$4:$K$113,$A10,'Mouvements'!$E$4:$E$113,"Décaissement")) | E10: =IF($A10="","",B10+C10-D10)
A11: =IF(A10="","",A10+1) | B11: =IF($A11="","",E10) | C11: =IF($A11="","",SUMIFS('Mouvements'!$L$4:$L$113,'Mouvements'!$A$4:$A$113,"<>",'Mouvements'!$K$4:$K$113,$A11,'Mouvements'!$E$4:$E$113,"Encaissement")) | D11: =IF($A11="","",SUMIFS('Mouvements'!$L$4:$L$113,'Mouvements'!$A$4:$A$113,"<>",'Mouvements'!$K$4:$K$113,$A11,'Mouvements'!$E$4:$E$113,"Décaissement")) | E11: =IF($A11="","",B11+C11-D11)
A12: =IF(A11="","",A11+1) | B12: =IF($A12="","",E11) | C12: =IF($A12="","",SUMIFS('Mouvements'!$L$4:$L$113,'Mouvements'!$A$4:$A$113,"<>",'Mouvements'!$K$4:$K$113,$A12,'Mouvements'!$E$4:$E$113,"Encaissement")) | D12: =IF($A12="","",SUMIFS('Mouvements'!$L$4:$L$113,'Mouvements'!$A$4:$A$113,"<>",'Mouvements'!$K$4:$K$113,$A12,'Mouvements'!$E$4:$E$113,"Décaissement")) | E12: =IF($A12="","",B12+C12-D12)
A13: =IF(A12="","",A12+1) | B13: =IF($A13="","",E12) | C13: =IF($A13="","",SUMIFS('Mouvements'!$L$4:$L$113,'Mouvements'!$A$4:$A$113,"<>",'Mouvements'!$K$4:$K$113,$A13,'Mouvements'!$E$4:$E$113,"Encaissement")) | D13: =IF($A13="","",SUMIFS('Mouvements'!$L$4:$L$113,'Mouvements'!$A$4:$A$113,"<>",'Mouvements'!$K$4:$K$113,$A13,'Mouvements'!$E$4:$E$113,"Décaissement")) | E13: =IF($A13="","",B13+C13-D13)
A14: =IF(A13="","",A13+1) | B14: =IF($A14="","",E13) | C14: =IF($A14="","",SUMIFS('Mouvements'!$L$4:$L$113,'Mouvements'!$A$4:$A$113,"<>",'Mouvements'!$K$4:$K$113,$A14,'Mouvements'!$E$4:$E$113,"Encaissement")) | D14: =IF($A14="","",SUMIFS('Mouvements'!$L$4:$L$113,'Mouvements'!$A$4:$A$113,"<>",'Mouvements'!$K$4:$K$113,$A14,'Mouvements'!$E$4:$E$113,"Décaissement")) | E14: =IF($A14="","",B14+C14-D14)
A15: =IF(A14="","",A14+1) | B15: =IF($A15="","",E14) | C15: =IF($A15="","",SUMIFS('Mouvements'!$L$4:$L$113,'Mouvements'!$A$4:$A$113,"<>",'Mouvements'!$K$4:$K$113,$A15,'Mouvements'!$E$4:$E$113,"Encaissement")) | D15: =IF($A15="","",SUMIFS('Mouvements'!$L$4:$L$113,'Mouvements'!$A$4:$A$113,"<>",'Mouvements'!$K$4:$K$113,$A15,'Mouvements'!$E$4:$E$113,"Décaissement")) | E15: =IF($A15="","",B15+C15-D15)
A16: =IF(A15="","",A15+1) | B16: =IF($A16="","",E15) | C16: =IF($A16="","",SUMIFS('Mouvements'!$L$4:$L$113,'Mouvements'!$A$4:$A$113,"<>",'Mouvements'!$K$4:$K$113,$A16,'Mouvements'!$E$4:$E$113,"Encaissement")) | D16: =IF($A16="","",SUMIFS('Mouvements'!$L$4:$L$113,'Mouvements'!$A$4:$A$113,"<>",'Mouvements'!$K$4:$K$113,$A16,'Mouvements'!$E$4:$E$113,"Décaissement")) | E16: =IF($A16="","",B16+C16-D16)
... A183: =IF(A182="","",A182+1) | B183: =IF($A183="","",E182) | C183: =IF($A183="","",SUMIFS('Mouvements'!$L$4:$L$113,'Mouvements'!$A$4:$A$113,"<>",'Mouvements'!$K$4:$K$113,$A183,'Mouvements'!$E$4:$E$113,"Encaissement")) | D183: =IF($A183="","",SUMIFS('Mouvements'!$L$4:$L$113,'Mouvements'!$A$4:$A$113,"<>",'Mouvements'!$K$4:$K$113,$A183,'Mouvements'!$E$4:$E$113,"Décaissement")) | E183: =IF($A183="","",B183+C183-D183)
